Flyers vs Blues
Created - 14 février 2014 at 22:41
Goals
|
| Flyers |
2 |
0 |
1 |
3 |
| Blues |
3 |
1 |
0 |
4 |
|
Shots
|
| Flyers |
21 |
5 |
8 |
34 |
| Blues |
16 |
3 |
6 |
25 |
|
1st period
1. Blues , Andy Sutton 1 (Andrew Cogliano, Brian Lee) at 1:11
2. Blues , Jamie Langenbrunner 19 (Travis Zajac, Dan Boyle) at 2:57 (PP)
3. Flyers , Olli Jokinen 13 (Michael Ryder) at 8:46
4. Blues , Travis Zajac 13 (Paul Kariya, Jamie Langenbrunner) at 12:40
5. Flyers , Michael Ryder 13 (Olli Jokinen) at 17:11
Penalties :
Ryane Clowe (Phi) for Roughing (Minor) at 2:06, Petr Schastlivy (STL) for Hooking (Minor) at 19:33
2nd period
6. Blues , Travis Zajac 14 (Jamie Langenbrunner, Paul Kariya) at 15:46
Penalties :
Cory Sarich (Phi) for Tripping (Minor) at 5:59, Andy Sutton (STL) for Interference (Minor) at 10:52
3rd period
7. Flyers , Alex Tanguay 22 (Jonathan Ericsson, Martin St. Louis) at 10:19 (PP)
Penalties :
Jamie Langenbrunner (STL) for Hooking (Minor) at 1:36, Brian Lee (STL) for Slashing (Minor) at 10:06, Dan Boyle (STL) for Tripping (Minor) at 10:42, Petr Schastlivy (STL) for Holding (Minor) at 18:18
Goalie Stats
Chris Mason (Phi), 15 saves from 19 shots - (0,789), L, 13-21-7, 35:46 minutes
Mathieu Garon (Phi), 6 saves from 6 shots - (1,000), 22:46 minutes
Tuukka Rask (STL), 31 saves from 34 shots - (0,912), W, 13-15-3, 60:00 minutes
Players Stats for Flyers
Player Name G A P +/- PIM S H SB GA TA FO MP PP MP PK MP
------------------------------------------------------------------------------------
Alex Tanguay 1 0 1 0 0 1 1 2 1 0 0/2 22:38 5:41 1:51
Blair Betts 0 0 0 -1 0 1 3 0 0 1 0/3 11:37 0:08 0:22
Cory Sarich 0 0 0 -2 2 1 1 3 0 1 0/0 25:35 6:25 0:51
David Vyborny 0 0 0 -1 0 2 3 0 1 0 0/0 8:54 0:08 0:00
Eric Godard 0 0 0 -1 0 1 0 0 0 0 1/2 8:32 0:00 0:00
Janne Niskala 0 0 0 2 0 1 0 2 0 1 0/0 16:15 0:37 1:04
Jonathan Ericsson 0 1 1 -1 0 2 0 0 1 0 0/0 24:54 5:48 2:11
Justin Williams 0 0 0 -1 0 0 1 0 0 0 0/0 10:53 0:00 0:00
Mark Giordano 0 0 0 -1 0 2 1 1 0 1 0/0 13:16 0:00 0:29
Martin St. Louis 0 1 1 0 0 2 3 0 0 0 2/2 20:47 5:41 0:00
Michael Ryder 1 1 2 1 0 8 0 0 0 0 0/0 17:21 4:01 0:45
Mike Lundin 0 0 0 2 0 0 0 1 0 1 0/0 20:15 3:25 1:05
Olli Jokinen 1 1 2 1 0 4 5 0 0 1 5/8 17:21 4:01 0:45
Ryane Clowe 0 0 0 1 2 2 0 0 0 0 0/0 16:44 4:01 0:14
Scott Hannan 0 0 0 -2 0 0 0 0 1 1 0/0 19:49 3:25 0:00
Scottie Upshall 0 0 0 -1 0 1 0 0 0 0 0/0 11:15 0:08 0:00
Steve Regier 0 0 0 -1 0 4 1 0 0 0 0/0 8:32 0:00 0:00
Sydney Crosby 0 0 0 0 0 2 2 0 0 0 24/41 22:30 5:41 1:43
Players Stats for Blues
Player Name G A P +/- PIM S H SB GA TA FO MP PP MP PK MP
------------------------------------------------------------------------------------
Andrew Cogliano 0 1 1 1 0 1 0 0 0 0 2/4 8:41 0:00 0:10
Andy Sutton 1 0 1 1 2 2 2 0 0 0 0/0 16:35 0:00 5:04
Brent Burns 0 0 0 0 0 1 2 0 0 1 0/0 24:54 1:55 6:22
Brian Lee 0 1 1 2 2 0 1 0 0 1 0/0 14:57 0:55 0:53
Chris Campoli 0 0 0 0 0 0 4 2 0 0 0/0 22:01 0:55 0:59
Dan Boyle 0 1 1 0 2 4 2 0 1 0 0/0 24:28 1:55 3:08
David Perron 0 0 0 0 0 1 0 0 0 0 0/0 13:35 1:01 2:10
Drew Fata 0 0 0 -1 0 1 0 1 0 0 0/0 17:12 0:00 3:14
Jamie Langenbrunner 1 2 3 2 2 3 1 1 1 0 1/1 18:10 1:01 2:08
Jarome Iginla 0 0 0 -2 0 0 2 1 0 0 1/1 14:56 1:49 0:00
Matthew Lombardi 0 0 0 0 0 2 1 1 2 0 4/10 15:57 0:00 5:44
Michael Frolik 0 0 0 0 0 0 0 0 1 0 0/0 10:11 0:00 0:00
Nigel Dawes 0 0 0 1 0 0 0 0 0 0 0/0 9:52 0:00 0:54
Nik Antropov 0 0 0 -2 0 1 2 1 1 1 5/15 17:48 1:49 2:51
Paul Kariya 0 2 2 2 0 3 1 0 1 0 0/3 22:33 1:49 5:43
Petr Schastlivy 0 0 0 -2 4 0 3 0 0 0 0/0 13:28 0:00 0:00
Steve Bernier 0 0 0 1 0 2 1 1 0 0 0/0 8:44 0:00 0:00
Travis Zajac 2 1 3 2 0 4 0 0 0 1 13/24 16:02 1:01 0:00
3 Stars
1 - Travis Zajac (STL)
2 - Olli Jokinen (Phi)
3 - Jamie Langenbrunner (STL)
Power Play
Flyers - 1 on 6 Attempt(s) - 16,67%
Blues - 1 on 2 Attempt(s) - 50,00%
Penalty Kill
Flyers - 1 on 2 Attempt(s) - 50,00%
- Score 0 goal in Penalty Kill
Blues - 5 on 6 Attempt(s) - 83,33%
- Score 0 goal in Penalty Kill
Official
Referees : Ciamaga Chris and Dwyer Gord
Linesman : Steve Miller and Bryan Pancich
Game Notes
Mathieu Garon enters game at 15:46 of 2nd period
Finance
Level 1 -- Attendance: 4975 (82,92%) -- Ticket Income 422 875 $
Level 2 -- Attendance: 3598 (71,96%) -- Ticket Income 194 292 $
Level 3 -- Attendance: 1848 (92,40%) -- Ticket Income 57 288 $
Level 4 -- Attendance: 3355 (83,88%) -- Ticket Income 67 100 $
Luxury Box -- Attendance: 768 (76,80%) -- Ticket Income 132 096 $
Game was played at the Scotttrade center
Total Attendance: 14544 (80,80%)
Total Ticket Income: 873 651 $
Other Income: 131 048 $
Total Income: 1 004 699 $
Flyers
5 vs 5 Forward
Center Left Wing Right Wing Time % Phy DF OF
1 Sydney Crosby Alex Tanguay Martin St. Louis 40 1 2 2
2 Olli Jokinen Ryane Clowe Michael Ryder 30 1 2 2
3 Blair Betts Scottie Upshall Justin Williams 20 1 2 2
4 Eric Godard Steve Regier David Vyborny 10 1 3 1
5 vs 5 Defense
Defense Defense Time % Phy DF OF
1 Cory Sarich Jonathan Ericsson 40 1 2 2
2 Mike Lundin Janne Niskala 30 1 2 2
3 Mark Giordano Scott Hannan 20 1 2 2
4 Cory Sarich Scott Hannan 10 1 2 2
PowerPlay Forward
Center Left Wing Right Wing Time % Phy DF OF
1 Sydney Crosby Alex Tanguay Martin St. Louis 60 0 1 4
2 Olli Jokinen Ryane Clowe Michael Ryder 40 0 1 4
PowerPlay Defense
Defense Defense Time % Phy DF OF
1 Cory Sarich Jonathan Ericsson 60 0 1 4
2 Scott Hannan Mike Lundin 40 0 1 4
Penalty Kill 4 Players Forward
Center Wing Time % Phy DF OF
1 Sydney Crosby Alex Tanguay 60 0 4 1
2 Olli Jokinen Michael Ryder 40 0 4 1
Penalty Kill 4 Players Defense
Defense Defense Time % Phy DF OF
1 Cory Sarich Jonathan Ericsson 60 0 4 1
2 Janne Niskala Mike Lundin 40 0 4 1
Penalty Kill - 3 Players Forward
Forward Time % Phy DF OF
1 Sydney Crosby 60 0 4 1
2 Olli Jokinen 40 0 4 1
Penalty Kill - 3 Players Defense
Defense Defense Time % Phy DF OF
1 Cory Sarich Jonathan Ericsson 60 0 4 1
2 Janne Niskala Mike Lundin 40 0 4 1
4 vs 4 Forward
Center Wing Time % Phy DF OF
1 Sydney Crosby Martin St. Louis 60 1 2 2
2 Olli Jokinen Alex Tanguay 40 1 2 2
4 vs 4 Defense
Defense Defense Time % Phy DF OF
1 Cory Sarich Jonathan Ericsson 60 1 2 2
2 Scott Hannan Mike Lundin 40 1 2 2
Last Minutes Offensive
Center Left Wing Right Wing Defense Defense
Sydney Crosby Alex Tanguay Martin St. Louis Cory Sarich Jonathan Ericsson
Last Minutes Defensive
Center Left Wing Right Wing Defense Defense
Sydney Crosby Alex Tanguay Martin St. Louis Cory Sarich Jonathan Ericsson
Goaltenders
Starting : Chris Mason
Backup : Mathieu Garon
Extra Forwards
Normal : Sydney Crosby, Olli Jokinen, Martin St. Louis - PP : Sydney Crosby, Olli Jokinen - PK : Sydney Crosby
Extra Defensemen
Normal : Janne Niskala, Mike Lundin, Cory Sarich - PP : Cory Sarich - PK : Mike Lundin, Cory Sarich
Penalty Shots
Sydney Crosby, Olli Jokinen, Martin St. Louis, Alex Tanguay, Michael Ryder
Blues
5 vs 5 Forward
Center Left Wing Right Wing Time % Phy DF OF
1 Travis Zajac Paul Kariya Jamie Langenbrunner 40 1 2 2
2 Nik Antropov Petr Schastlivy Jarome Iginla 30 1 2 2
3 Matthew Lombardi David Perron Michael Frolik 20 1 2 2
4 Andrew Cogliano Nigel Dawes Steve Bernier 10 1 2 2
5 vs 5 Defense
Defense Defense Time % Phy DF OF
1 Dan Boyle Chris Campoli 40 1 2 2
2 Drew Fata Brent Burns 30 1 2 2
3 Andy Sutton Brian Lee 20 1 2 2
4 Brian Lee Brent Burns 10 1 2 2
PowerPlay Forward
Center Left Wing Right Wing Time % Phy DF OF
1 Nik Antropov Paul Kariya Jarome Iginla 60 1 2 2
2 Travis Zajac David Perron Jamie Langenbrunner 40 1 2 2
PowerPlay Defense
Defense Defense Time % Phy DF OF
1 Dan Boyle Brent Burns 60 1 2 2
2 Brian Lee Chris Campoli 40 1 2 2
Penalty Kill 4 Players Forward
Center Wing Time % Phy DF OF
1 Matthew Lombardi Paul Kariya 60 1 2 2
2 Nik Antropov Jamie Langenbrunner 40 1 2 2
Penalty Kill 4 Players Defense
Defense Defense Time % Phy DF OF
1 Andy Sutton Brent Burns 60 1 2 2
2 Dan Boyle Drew Fata 40 1 2 2
Penalty Kill - 3 Players Forward
Forward Time % Phy DF OF
1 Nik Antropov 60 1 2 2
2 Matthew Lombardi 40 1 2 2
Penalty Kill - 3 Players Defense
Defense Defense Time % Phy DF OF
1 Andy Sutton Brent Burns 60 1 2 2
2 Chris Campoli Drew Fata 40 1 2 2
4 vs 4 Forward
Center Wing Time % Phy DF OF
1 Travis Zajac Paul Kariya 60 1 2 2
2 Nik Antropov Jarome Iginla 40 1 2 2
4 vs 4 Defense
Defense Defense Time % Phy DF OF
1 Dan Boyle Brian Lee 60 1 2 2
2 Brent Burns Andy Sutton 40 1 2 2
Last Minutes Offensive
Center Left Wing Right Wing Defense Defense
Travis Zajac Paul Kariya Jarome Iginla Dan Boyle Brent Burns
Last Minutes Defensive
Center Left Wing Right Wing Defense Defense
Nik Antropov Paul Kariya Jamie Langenbrunner Brent Burns Drew Fata
Goaltenders
Starting : Tuukka Rask
Backup : Tim Thomas
Extra Forwards
Normal : Steve Bernier, Michael Frolik, Nigel Dawes - PP : Michael Frolik, Petr Schastlivy - PK : David Perron
Extra Defensemen
Normal : Chris Campoli, Andy Sutton, Brent Burns - PP : Andy Sutton - PK : Dan Boyle, Chris Campoli
Penalty Shots
David Perron, Nik Antropov, Jarome Iginla, Michael Frolik, Paul Kariya
% Time on Ice - Flyers
Lines # - Real PCT - Wanted PCT - Time Play
Normal Forward
1 - 32% - 40% - 15:20
2 - 27% - 30% - 12:35
3 - 23% - 20% - 10:53
4 - 18% - 10% - 8:32
Normal Defense
1 - 36% - 40% - 16:55
2 - 31% - 30% - 14:49
3 - 27% - 20% - 12:42
4 - 6% - 10% - 2:54
PP Forward
1 - 59% - 60% - 5:49
2 - 41% - 40% - 4:01
PP Defense
1 - 65% - 60% - 6:25
2 - 35% - 40% - 3:25
PK Forward
1 - 74% - 60% - 2:05
2 - 26% - 40% - 0:45
PK Defense
1 - 77% - 60% - 2:11
2 - 23% - 40% - 0:39
PK3 Forward
1 - 0% - 60%
2 - 0% - 40%
PK3 Defense
1 - 0% - 60%
2 - 0% - 40%
44 Forward
1 - 0% - 60%
2 - 0% - 40%
44 Defense
1 - 0% - 60%
2 - 0% - 40%
Last Minute Offensive - 0:00
Last Minute Defensive - 0:00
Total
Forward - 60:00
Defense - 60:00
|
% Time on Ice - Blues
Lines # - Real PCT - Wanted PCT - Time Play
Normal Forward
1 - 34% - 40% - 15:55
2 - 28% - 30% - 13:04
3 - 21% - 20% - 9:50
4 - 18% - 10% - 8:31
Normal Defense
1 - 43% - 40% - 20:17
2 - 30% - 30% - 13:58
3 - 22% - 20% - 10:22
4 - 6% - 10% - 2:43
PP Forward
1 - 64% - 60% - 1:49
2 - 36% - 40% - 1:01
PP Defense
1 - 68% - 60% - 1:55
2 - 32% - 40% - 0:55
PK Forward
1 - 71% - 60% - 6:59
2 - 29% - 40% - 2:51
PK Defense
1 - 67% - 60% - 6:36
2 - 33% - 40% - 3:14
PK3 Forward
1 - 0% - 60%
2 - 0% - 40%
PK3 Defense
1 - 0% - 60%
2 - 0% - 40%
44 Forward
1 - 0% - 60%
2 - 0% - 40%
44 Defense
1 - 0% - 60%
2 - 0% - 40%
Last Minute Offensive - 0:00
Last Minute Defensive - 0:00
Total
Forward - 60:00
Defense - 60:00
|
Play by Play
1st period
0:01 of 1st period - Sydney Crosby wins face-off versus Travis Zajac in neutral zone.
0:10 of 1st period - Snap shot by Martin St. Louis.
0:10 of 1st period - Stopped by Tuukka Rask with a rebound.
0:12 of 1st period - Snap shot by Martin St. Louis.
0:12 of 1st period - Shot Misses the Net.
0:16 of 1st period - Snap shot by Martin St. Louis.
0:16 of 1st period - Shot Misses the Net.
1:05 of 1st period - Icing by Jonathan Ericsson.
1:06 of 1st period - Andrew Cogliano wins face-off versus Eric Godard in Flyers zone.
1:09 of 1st period - Snap shot by Andrew Cogliano.
1:09 of 1st period - Shot Misses the Net.
1:11 of 1st period - Slapshot by Andy Sutton.
1:11 of 1st period - Goal by Andy Sutton - Flyers : 0 - Blues : 1.
1:12 of 1st period - Travis Zajac wins face-off versus Sydney Crosby in neutral zone.
1:21 of 1st period - Wrist shot by Travis Zajac.
1:21 of 1st period - Stopped by Chris Mason without a rebound.
1:22 of 1st period - Travis Zajac wins face-off versus Sydney Crosby in Flyers zone.
2:03 of 1st period - Snap shot by Travis Zajac.
2:03 of 1st period - Stopped by Chris Mason without a rebound.
2:04 of 1st period - Olli Jokinen wins face-off versus Nik Antropov in Flyers zone.
2:06 of 1st period - Minor Penalty to Ryane Clowe for Roughing.
2:07 of 1st period - Nik Antropov wins face-off versus Sydney Crosby in Flyers zone.
2:20 of 1st period - Off-side.
2:21 of 1st period - Sydney Crosby wins face-off versus Nik Antropov in neutral zone.
2:23 of 1st period - Off-side.
2:24 of 1st period - Nik Antropov wins face-off versus Sydney Crosby in neutral zone.
2:55 of 1st period - Wrist shot by Jamie Langenbrunner.
2:55 of 1st period - Stopped by Chris Mason with a rebound.
2:57 of 1st period - Slapshot by Jamie Langenbrunner.
2:57 of 1st period - Goal by Jamie Langenbrunner - Flyers : 0 - Blues : 2.
2:58 of 1st period - Olli Jokinen wins face-off versus Nik Antropov in neutral zone.
3:05 of 1st period - Wrist shot by Michael Ryder.
3:05 of 1st period - Shot Misses the Net.
4:10 of 1st period - Slapshot by Dan Boyle.
4:10 of 1st period - Shot Blocked by Mike Lundin.
4:12 of 1st period - Wrist shot by Andrew Cogliano.
4:12 of 1st period - Shot Blocked by Janne Niskala.
5:10 of 1st period - Wrist shot by Paul Kariya.
5:10 of 1st period - Deflect By Travis Zajac.
5:10 of 1st period - Shot Blocked by Alex Tanguay.
5:10 of 1st period - Puck is out of play.
5:11 of 1st period - Sydney Crosby wins face-off versus Paul Kariya in Flyers zone.
5:50 of 1st period - Snap shot by Ryane Clowe.
5:50 of 1st period - Shot Blocked by Nik Antropov.
6:24 of 1st period - Slapshot by Jonathan Ericsson.
6:24 of 1st period - Stopped by Tuukka Rask with a rebound.
6:26 of 1st period - Slapshot by Cory Sarich.
6:26 of 1st period - Shot Misses the Net.
6:28 of 1st period - Slapshot by Jonathan Ericsson.
6:28 of 1st period - Shot Blocked by Drew Fata.
6:50 of 1st period - Snap shot by Sydney Crosby.
6:50 of 1st period - Shot Misses the Net.
6:52 of 1st period - Slapshot by Jonathan Ericsson.
6:52 of 1st period - Stopped by Tuukka Rask without a rebound.
6:53 of 1st period - Nik Antropov wins face-off versus Olli Jokinen in Blues zone.
7:06 of 1st period - Snap shot by Nik Antropov.
7:06 of 1st period - Shot Misses the Net.
7:08 of 1st period - Wrist shot by Nik Antropov.
7:08 of 1st period - Stopped by Chris Mason with a rebound.
7:24 of 1st period - Icing by Travis Zajac.
7:25 of 1st period - Travis Zajac wins face-off versus Sydney Crosby in Blues zone.
7:36 of 1st period - Snap shot by Travis Zajac.
7:36 of 1st period - Shot Blocked by Janne Niskala.
7:38 of 1st period - Wrist shot by Paul Kariya.
7:38 of 1st period - Stopped by Chris Mason with a rebound.
7:40 of 1st period - Wrist shot by Travis Zajac.
7:40 of 1st period - Shot Misses the Net.
7:42 of 1st period - Slapshot by Drew Fata.
7:42 of 1st period - Stopped by Chris Mason without a rebound.
7:43 of 1st period - Nik Antropov wins face-off versus Olli Jokinen in Flyers zone.
7:46 of 1st period - Wrist shot by Petr Schastlivy.
7:46 of 1st period - Shot Blocked by Cory Sarich.
7:54 of 1st period - Wrist shot by Ryane Clowe.
7:54 of 1st period - Shot Misses the Net.
7:56 of 1st period - Slapshot by Ryane Clowe.
7:56 of 1st period - Deflect By Olli Jokinen.
7:56 of 1st period - Stopped by Tuukka Rask with a rebound.
7:58 of 1st period - Snap shot by Olli Jokinen.
7:58 of 1st period - Stopped by Tuukka Rask with a rebound.
8:08 of 1st period - Sydney Crosby is hit by Brent Burns and loses puck.
8:38 of 1st period - Off-side.
8:39 of 1st period - Olli Jokinen wins face-off versus Nik Antropov in neutral zone.
8:42 of 1st period - Slapshot by Michael Ryder.
8:42 of 1st period - Stopped by Tuukka Rask with a rebound.
8:44 of 1st period - Slapshot by Michael Ryder.
8:44 of 1st period - Stopped by Tuukka Rask with a rebound.
8:46 of 1st period - Snap shot by Olli Jokinen.
8:46 of 1st period - Goal by Olli Jokinen - Flyers : 1 - Blues : 2.
8:47 of 1st period - Jarome Iginla wins face-off versus Sydney Crosby in neutral zone.
9:14 of 1st period - Michael Ryder is hit by Paul Kariya and loses puck.
9:31 of 1st period - Slapshot by Dan Boyle.
9:31 of 1st period - Stopped by Chris Mason with a rebound.
9:37 of 1st period - Slapshot by Blair Betts.
9:37 of 1st period - Shot Blocked by Chris Campoli.
9:39 of 1st period - Slapshot by Scott Hannan.
9:39 of 1st period - Shot Blocked by Chris Campoli.
9:41 of 1st period - Snap shot by Justin Williams.
9:41 of 1st period - Shot Blocked by Matthew Lombardi.
9:55 of 1st period - Slapshot by Dan Boyle.
9:55 of 1st period - Deflect By Steve Regier.
9:55 of 1st period - Stopped by Chris Mason without a rebound.
9:56 of 1st period - Andrew Cogliano wins face-off versus Sydney Crosby in Flyers zone.
10:34 of 1st period - Snap shot by Paul Kariya.
10:34 of 1st period - Shot Misses the Net.
10:56 of 1st period - Wrist shot by Steve Regier.
10:56 of 1st period - Stopped by Tuukka Rask without a rebound.
10:57 of 1st period - Travis Zajac wins face-off versus Sydney Crosby in Blues zone.
10:57 of 1st period - Travis Zajac is hit by Sydney Crosby.
11:02 of 1st period - Off-side.
11:03 of 1st period - Travis Zajac wins face-off versus Sydney Crosby in neutral zone.
11:11 of 1st period - Paul Kariya is hit by Sydney Crosby and loses puck.
11:28 of 1st period - Olli Jokinen is hit by Petr Schastlivy and loses puck.
12:09 of 1st period - Brent Burns is hit by Martin St. Louis and loses puck.
12:30 of 1st period - Slapshot by Michael Ryder.
12:30 of 1st period - Stopped by Tuukka Rask with a rebound.
12:40 of 1st period - Wrist shot by Paul Kariya.
12:40 of 1st period - Deflect By Travis Zajac.
12:40 of 1st period - Goal by Travis Zajac - Flyers : 1 - Blues : 3.
12:41 of 1st period - Sydney Crosby wins face-off versus Nik Antropov in neutral zone.
12:54 of 1st period - Slapshot by Nik Antropov.
12:54 of 1st period - Shot Misses the Net.
13:50 of 1st period - Snap shot by Ryane Clowe.
13:50 of 1st period - Stopped by Tuukka Rask with a rebound.
13:52 of 1st period - Slapshot by Olli Jokinen.
13:52 of 1st period - Stopped by Tuukka Rask with a rebound.
14:06 of 1st period - Scottie Upshall is hit by Jarome Iginla and loses puck.
14:27 of 1st period - David Perron is hit by David Vyborny.
14:54 of 1st period - Wrist shot by Paul Kariya.
14:54 of 1st period - Deflect By Jamie Langenbrunner.
14:54 of 1st period - Stopped by Chris Mason without a rebound.
14:55 of 1st period - Olli Jokinen wins face-off versus Nik Antropov in Flyers zone.
14:55 of 1st period - Olli Jokinen is hit by Nik Antropov.
15:03 of 1st period - Snap shot by Michael Ryder.
15:03 of 1st period - Deflect By Ryane Clowe.
15:03 of 1st period - Stopped by Tuukka Rask without a rebound.
15:04 of 1st period - Nik Antropov wins face-off versus Sydney Crosby in Blues zone.
15:16 of 1st period - Off-side.
15:17 of 1st period - Travis Zajac wins face-off versus Sydney Crosby in neutral zone.
15:47 of 1st period - Petr Schastlivy is hit by Olli Jokinen and loses puck.
16:26 of 1st period - Icing by Blair Betts.
16:27 of 1st period - Jamie Langenbrunner wins face-off versus Blair Betts in Flyers zone.
16:36 of 1st period - Slapshot by Janne Niskala.
16:36 of 1st period - Stopped by Tuukka Rask without a rebound.
16:37 of 1st period - Sydney Crosby wins face-off versus Travis Zajac in Blues zone.
17:09 of 1st period - Snap shot by Michael Ryder.
17:09 of 1st period - Stopped by Tuukka Rask with a rebound.
17:11 of 1st period - Wrist shot by Michael Ryder.
17:11 of 1st period - Goal by Michael Ryder - Flyers : 2 - Blues : 3.
17:12 of 1st period - Travis Zajac wins face-off versus Sydney Crosby in neutral zone.
17:23 of 1st period - Snap shot by Paul Kariya.
17:23 of 1st period - Stopped by Chris Mason without a rebound.
17:24 of 1st period - Travis Zajac wins face-off versus Sydney Crosby in Flyers zone.
17:49 of 1st period - Chris Campoli is hit by Olli Jokinen and loses puck.
17:58 of 1st period - Slapshot by Michael Ryder.
17:58 of 1st period - Stopped by Tuukka Rask with a rebound.
18:00 of 1st period - Slapshot by Mark Giordano.
18:00 of 1st period - Stopped by Tuukka Rask with a rebound.
18:02 of 1st period - Snap shot by Michael Ryder.
18:02 of 1st period - Stopped by Tuukka Rask with a rebound.
18:32 of 1st period - Slapshot by David Vyborny.
18:32 of 1st period - Stopped by Tuukka Rask without a rebound.
18:33 of 1st period - Eric Godard wins face-off versus Andrew Cogliano in Blues zone.
18:46 of 1st period - Slapshot by Andrew Cogliano.
18:46 of 1st period - Stopped by Chris Mason without a rebound.
18:47 of 1st period - Travis Zajac wins face-off versus Sydney Crosby in Flyers zone.
18:50 of 1st period - Snap shot by Paul Kariya.
18:50 of 1st period - Stopped by Chris Mason with a rebound.
19:12 of 1st period - Drew Fata is hit by Cory Sarich and loses puck.
19:27 of 1st period - Michael Ryder is hit by Brent Burns and loses puck.
19:33 of 1st period - Minor Penalty to Petr Schastlivy for Hooking.
19:34 of 1st period - Sydney Crosby wins face-off versus Matthew Lombardi in Blues zone.
19:34 of 1st period - Wrist shot by Martin St. Louis.
19:34 of 1st period - Stopped by Tuukka Rask with a rebound.
19:40 of 1st period - Slapshot by Brent Burns.
19:40 of 1st period - Stopped by Chris Mason without a rebound.
19:41 of 1st period - Sydney Crosby wins face-off versus Paul Kariya in Flyers zone.
19:45 of 1st period - Off-side.
19:46 of 1st period - Sydney Crosby wins face-off versus Paul Kariya in neutral zone.
Goals for this period are 2 for Flyers vs 3 for Blues.
Shots for this period are 21 for Flyers vs 16 for Blues.
2nd period
0:01 of 2nd period - Sydney Crosby wins face-off versus Matthew Lombardi in neutral zone.
1:33 of 2nd period - Penalty to Petr Schastlivy is over, Petr Schastlivy is back on ice.
2:05 of 2nd period - Jamie Langenbrunner is hit by Blair Betts.
2:25 of 2nd period - Eric Godard is hit by Andy Sutton and loses puck.
2:40 of 2nd period - Petr Schastlivy is hit by Martin St. Louis and loses puck.
3:19 of 2nd period - Off-side.
3:20 of 2nd period - Sydney Crosby wins face-off versus Travis Zajac in neutral zone.
3:30 of 2nd period - Snap shot by Jamie Langenbrunner.
3:30 of 2nd period - Shot Misses the Net.
5:18 of 2nd period - Snap shot by Michael Ryder.
5:18 of 2nd period - Shot Blocked by Steve Bernier.
5:26 of 2nd period - Snap shot by Olli Jokinen.
5:26 of 2nd period - Shot Misses the Net.
5:32 of 2nd period - Janne Niskala is hit by Steve Bernier and loses puck.
5:43 of 2nd period - Slapshot by Dan Boyle.
5:43 of 2nd period - Stopped by Chris Mason without a rebound.
5:44 of 2nd period - Sydney Crosby wins face-off versus Travis Zajac in Flyers zone.
5:53 of 2nd period - Wrist shot by Paul Kariya.
5:53 of 2nd period - Shot Misses the Net.
5:55 of 2nd period - Slapshot by Andy Sutton.
5:55 of 2nd period - Stopped by Chris Mason without a rebound.
5:56 of 2nd period - Sydney Crosby wins face-off versus Travis Zajac in Flyers zone.
5:56 of 2nd period - Sydney Crosby is hit by Chris Campoli.
5:59 of 2nd period - Minor Penalty to Cory Sarich for Tripping.
6:00 of 2nd period - Sydney Crosby wins face-off versus Nik Antropov in Flyers zone.
6:50 of 2nd period - Icing by Paul Kariya.
6:51 of 2nd period - Sydney Crosby wins face-off versus Nik Antropov in Blues zone.
7:50 of 2nd period - Alex Tanguay is hit by Nik Antropov and loses puck.
7:59 of 2nd period - Penalty to Cory Sarich is over, Cory Sarich is back on ice.
8:16 of 2nd period - Dan Boyle is hit by David Vyborny and loses puck.
9:42 of 2nd period - Matthew Lombardi is hit by Blair Betts and loses puck.
10:12 of 2nd period - Steve Regier is hit by Jarome Iginla and loses puck.
10:25 of 2nd period - Jonathan Ericsson is hit by Chris Campoli and loses puck.
10:52 of 2nd period - Minor Penalty to Andy Sutton for Interference.
10:53 of 2nd period - Sydney Crosby wins face-off versus Matthew Lombardi in Blues zone.
12:22 of 2nd period - Nik Antropov is hit by Martin St. Louis and loses puck.
12:52 of 2nd period - Penalty to Andy Sutton is over, Andy Sutton is back on ice.
13:31 of 2nd period - Snap shot by Steve Regier.
13:31 of 2nd period - Stopped by Tuukka Rask with a rebound.
13:33 of 2nd period - Wrist shot by Eric Godard.
13:33 of 2nd period - Shot Misses the Net.
13:35 of 2nd period - Snap shot by Steve Regier.
13:35 of 2nd period - Stopped by Tuukka Rask with a rebound.
13:51 of 2nd period - Wrist shot by Paul Kariya.
13:51 of 2nd period - Shot Misses the Net.
14:01 of 2nd period - Drew Fata is hit by David Vyborny and loses puck.
14:49 of 2nd period - Mark Giordano is hit by Jamie Langenbrunner.
14:59 of 2nd period - Martin St. Louis is hit by Dan Boyle and loses puck.
15:44 of 2nd period - Snap shot by Jamie Langenbrunner.
15:44 of 2nd period - Shot Blocked by Cory Sarich.
15:46 of 2nd period - Wrist shot by Travis Zajac.
15:46 of 2nd period - Goal by Travis Zajac - Flyers : 2 - Blues : 4.
15:46 of 2nd period - Mathieu Garon enters game.
15:47 of 2nd period - Sydney Crosby wins face-off versus Travis Zajac in neutral zone.
16:35 of 2nd period - Wrist shot by David Vyborny.
16:35 of 2nd period - Deflect By Eric Godard.
16:35 of 2nd period - Stopped by Tuukka Rask with a rebound.
16:43 of 2nd period - Snap shot by David Vyborny.
16:43 of 2nd period - Stopped by Tuukka Rask with a rebound.
18:20 of 2nd period - Slapshot by Michael Ryder.
18:20 of 2nd period - Stopped by Tuukka Rask with a rebound.
18:22 of 2nd period - Snap shot by Olli Jokinen.
18:22 of 2nd period - Shot Misses the Net.
19:13 of 2nd period - Paul Kariya is hit by Justin Williams and loses puck.
Goals for this period are 0 for Flyers vs 1 for Blues.
Shots for this period are 5 for Flyers vs 3 for Blues.
3rd period
0:01 of 3rd period - Sydney Crosby wins face-off versus Travis Zajac in neutral zone.
0:04 of 3rd period - Slapshot by Jonathan Ericsson.
0:04 of 3rd period - Shot Blocked by Jamie Langenbrunner.
0:10 of 3rd period - Slapshot by Dan Boyle.
0:10 of 3rd period - Stopped by Mathieu Garon without a rebound.
0:11 of 3rd period - Martin St. Louis wins face-off versus Travis Zajac in Flyers zone.
0:17 of 3rd period - Off-side.
0:18 of 3rd period - Martin St. Louis wins face-off versus Travis Zajac in neutral zone.
0:27 of 3rd period - Wrist shot by Alex Tanguay.
0:27 of 3rd period - Deflect By Travis Zajac.
0:27 of 3rd period - Shot Misses the Net.
0:27 of 3rd period - Puck is out of play.
0:28 of 3rd period - Travis Zajac wins face-off versus Alex Tanguay in Blues zone.
1:19 of 3rd period - Slapshot by Cory Sarich.
1:19 of 3rd period - Stopped by Tuukka Rask without a rebound.
1:20 of 3rd period - Matthew Lombardi wins face-off versus Blair Betts in Blues zone.
1:29 of 3rd period - Snap shot by Michael Frolik.
1:29 of 3rd period - Deflect By Matthew Lombardi.
1:29 of 3rd period - Stopped by Mathieu Garon without a rebound.
1:30 of 3rd period - Sydney Crosby wins face-off versus Travis Zajac in Flyers zone.
1:36 of 3rd period - Minor Penalty to Jamie Langenbrunner for Hooking.
1:37 of 3rd period - Matthew Lombardi wins face-off versus Sydney Crosby in Blues zone.
2:11 of 3rd period - Slapshot by David Perron.
2:11 of 3rd period - Stopped by Mathieu Garon without a rebound.
2:12 of 3rd period - Olli Jokinen wins face-off versus Nik Antropov in Flyers zone.
2:28 of 3rd period - Paul Kariya is hit by Olli Jokinen and loses puck.
3:36 of 3rd period - Penalty to Jamie Langenbrunner is over, Jamie Langenbrunner is back on ice.
4:04 of 3rd period - Nigel Dawes is hit by Steve Regier and loses puck.
4:53 of 3rd period - Cory Sarich is hit by Matthew Lombardi and loses puck.
5:09 of 3rd period - Icing by Jonathan Ericsson.
5:10 of 3rd period - Travis Zajac wins face-off versus Sydney Crosby in Flyers zone.
5:35 of 3rd period - Olli Jokinen is hit by Petr Schastlivy and loses puck.
6:02 of 3rd period - Slapshot by Brian Lee.
6:02 of 3rd period - Shot Misses the Net.
6:04 of 3rd period - Slapshot by Matthew Lombardi.
6:04 of 3rd period - Stopped by Mathieu Garon without a rebound.
6:05 of 3rd period - Sydney Crosby wins face-off versus Nik Antropov in Flyers zone.
6:05 of 3rd period - Sydney Crosby is hit by Chris Campoli.
6:21 of 3rd period - Snap shot by Sydney Crosby.
6:21 of 3rd period - Stopped by Tuukka Rask without a rebound.
6:22 of 3rd period - Travis Zajac wins face-off versus Olli Jokinen in Blues zone.
6:22 of 3rd period - Travis Zajac is hit by Olli Jokinen.
6:48 of 3rd period - Michael Ryder is hit by Dan Boyle and loses puck.
7:01 of 3rd period - Snap shot by Matthew Lombardi.
7:01 of 3rd period - Shot Hit the Post.
7:13 of 3rd period - Slapshot by Martin St. Louis.
7:13 of 3rd period - Shot Hit the Post.
7:15 of 3rd period - Slapshot by Alex Tanguay.
7:15 of 3rd period - Shot Blocked by Jarome Iginla.
7:17 of 3rd period - Slapshot by Mark Giordano.
7:17 of 3rd period - Stopped by Tuukka Rask with a rebound.
7:31 of 3rd period - Wrist shot by Steve Regier.
7:31 of 3rd period - Stopped by Tuukka Rask with a rebound.
8:04 of 3rd period - Wrist shot by Scottie Upshall.
8:04 of 3rd period - Stopped by Tuukka Rask with a rebound.
8:06 of 3rd period - Wrist shot by Blair Betts.
8:06 of 3rd period - Stopped by Tuukka Rask without a rebound.
8:07 of 3rd period - Travis Zajac wins face-off versus Sydney Crosby in Blues zone.
9:03 of 3rd period - Snap shot by Steve Bernier.
9:03 of 3rd period - Deflect By Blair Betts.
9:03 of 3rd period - Stopped by Mathieu Garon with a rebound.
10:06 of 3rd period - Minor Penalty to Brian Lee for Slashing.
10:07 of 3rd period - Sydney Crosby wins face-off versus Matthew Lombardi in Blues zone.
10:15 of 3rd period - Slapshot by Martin St. Louis.
10:15 of 3rd period - Shot Misses the Net.
10:17 of 3rd period - Slapshot by Jonathan Ericsson.
10:17 of 3rd period - Shot Misses the Net.
10:19 of 3rd period - Wrist shot by Alex Tanguay.
10:19 of 3rd period - Deflect By Paul Kariya.
10:19 of 3rd period - Goal by Alex Tanguay - Flyers : 3 - Blues : 4.
10:20 of 3rd period - Sydney Crosby wins face-off versus Travis Zajac in neutral zone.
10:42 of 3rd period - Minor Penalty to Dan Boyle for Tripping.
10:43 of 3rd period - Sydney Crosby wins face-off versus Matthew Lombardi in Blues zone.
12:42 of 3rd period - Penalty to Dan Boyle is over, Dan Boyle is back on ice.
12:51 of 3rd period - Chris Campoli is hit by Blair Betts and loses puck.
14:02 of 3rd period - David Vyborny is hit by Petr Schastlivy and loses puck.
14:17 of 3rd period - Snap shot by Steve Bernier.
14:17 of 3rd period - Stopped by Mathieu Garon without a rebound.
14:18 of 3rd period - Sydney Crosby wins face-off versus Andrew Cogliano in Flyers zone.
14:37 of 3rd period - Slapshot by Brent Burns.
14:37 of 3rd period - Shot Blocked by Cory Sarich.
15:22 of 3rd period - Wrist shot by Michael Frolik.
15:22 of 3rd period - Shot Misses the Net.
15:24 of 3rd period - Slapshot by Drew Fata.
15:24 of 3rd period - Shot Blocked by Alex Tanguay.
15:26 of 3rd period - Snap shot by Drew Fata.
15:26 of 3rd period - Shot Blocked by Mark Giordano.
15:28 of 3rd period - Snap shot by Drew Fata.
15:28 of 3rd period - Shot Misses the Net.
16:00 of 3rd period - Snap shot by Petr Schastlivy.
16:00 of 3rd period - Shot Misses the Net.
16:09 of 3rd period - Off-side.
16:10 of 3rd period - Matthew Lombardi wins face-off versus Blair Betts in neutral zone.
16:37 of 3rd period - Sydney Crosby is hit by Brian Lee and loses puck.
16:52 of 3rd period - Janne Niskala is hit by Andy Sutton and loses puck.
17:25 of 3rd period - Eric Godard is hit by Chris Campoli and loses puck.
17:46 of 3rd period - Snap shot by Matthew Lombardi.
17:46 of 3rd period - Shot Misses the Net.
17:52 of 3rd period - Matthew Lombardi is hit by Mark Giordano and loses puck.
18:18 of 3rd period - Minor Penalty to Petr Schastlivy for Holding.
18:19 of 3rd period - Sydney Crosby wins face-off versus Matthew Lombardi in Blues zone.
18:32 of 3rd period - Flyers, Mathieu Garon is pulled from the net.
18:34 of 3rd period - Wrist shot by Sydney Crosby.
18:34 of 3rd period - Stopped by Tuukka Rask without a rebound.
18:35 of 3rd period - Matthew Lombardi wins face-off versus Alex Tanguay in Blues zone.
19:04 of 3rd period - Brent Burns is hit by Olli Jokinen and loses puck.
19:17 of 3rd period - Andy Sutton is hit by Alex Tanguay and loses puck.
Goals for this period are 1 for Flyers vs 0 for Blues.
Shots for this period are 8 for Flyers vs 6 for Blues.
Output by the SimonT Hockey Simulator (STHS) for François Prévost -- Original Page W3C XHTML 1.0 Valid